 Dungeon Crawl Stone Soup version 0.28-a0-991-g956f0ee3d5 (webtiles) character file.

Game seed: 8825728155678903398

18997 bearlyready the Severer (level 12, -1/107 HPs)
             Began as a Hill Orc Gladiator on Dec 4, 2021.
             Was an Elder of Qazlal.
             Slain by a harpy simulacrum (4 damage)
             ... in an ice cave.
             The game lasted 00:22:50 (16566 turns).

bearlyready the Severer (Hill Orc Gladiator)       Turns: 16566, Time: 00:22:50

Health: -1/107     AC: 12    Str: 22    XL:     12   Next: 64%
Magic:  20/20      EV: 12    Int:  8    God:    Qazlal [****..]
Gold:   1264       SH:  5    Dex: 12    Spells: 11/11 levels left

rFire   . . .      SeeInvis .   G - +1 hand axe (elec)
rCold   + + .      Faith    .   (no shield)
rNeg    . . .      Spirit   .   H - +0 acid dragon scales
rPois   .          Reflect  .   c - +0 helmet
rElec   .          Harm     .   E - scarf {rC+ rF+}
rCorr   +          Rampage  .   (no gloves)
Will    .....                   g - +0 pair of boots
Stlth   +.........              (no amulet)
HPRegen 0.27/turn               u - +4 ring of protection
MPRegen 0.17/turn               m - ring of ice

@: repel missiles
A: no striking features
a: Renounce Religion, Upheaval, Elemental Force


You were in an ice cave.
You worshipped Qazlal.
Qazlal was greatly pleased with you.
You visited 1 branch of the dungeon, and saw 13 of its levels.
You also visited: Ice Cave.

You collected 1264 gold pieces.

Inventory:

Hand Weapons
 a - a +0 war axe
 G - a +1 hand axe of electrocution (weapon)
Missiles
 f - 12 boomerangs
 s - 107 poisoned darts (quivered)
 I - a silver boomerang
 P - 2 datura-tipped darts
 Q - 2 atropa-tipped darts
 S - 3 javelins
Armour
 b - a +0 leather armour
 c - a +0 helmet (worn)
 g - a +0 pair of boots (worn)
 y - a +0 ring mail
 E - a scarf of resistance (worn)
 H - +0 acid dragon scales (worn)
Jewellery
 m - a ring of ice (right hand)
 u - a +4 ring of protection (left hand)
 B - a +6 ring of strength
 D - a +6 ring of dexterity
 N - a ring of willpower
Wands
 d - a wand of digging (1)
 O - a wand of polymorph (1)
 V - a wand of iceblast (4)
Scrolls
 i - 5 scrolls of teleportation
 j - 3 scrolls of fear
 k - a scroll of amnesia
 l - 2 scrolls of torment
 r - a scroll of brand weapon
 t - a scroll of acquirement {unknown}
 v - a scroll of blinking {unknown}
 z - a scroll of enchant weapon {unknown}
 A - 3 scrolls of vulnerability
 C - 3 scrolls of silence
 F - a scroll of fog
 K - 3 scrolls of immolation
 L - a scroll of enchant armour
 U - a scroll of identify
Potions
 e - a potion of resistance {unknown}
 h - 2 potions of magic {unknown}
 n - 2 potions of cancellation
 o - a potion of heal wounds
 p - a potion of flight
 q - 7 potions of curing
 w - a potion of brilliance
 x - 2 potions of degeneration {unknown}
 J - a potion of haste {unknown}
 R - a potion of might
Miscellaneous
 M - a phial of floods (inert)
 T - a phantom mirror


   Skills:
 + Level 10.5 Fighting
 + Level 18.4 Axes
 + Level 5.6 Throwing
 - Level 2.4 Dodging
 + Level 11.2 Invocations
 + Level 6.2 Evocations


You had 11 spell levels left.
You didn't know any spells.
Your spell library contained the following spells:

 Spells                   Type           Power      Damage    Failure   Level
 Apportation              Tloc           0%         N/A       50%         1
 Corpse Rot               Necr/Air       0%         N/A       63%         2
 Poisonous Vapours        Pois/Air       0%         N/A       63%         2
 Conjure Flame            Conj/Fire      0%         6-21      86%         3
 Frozen Ramparts          Ice            0%         1d2       86%         3
 Ignite Poison            Fire/Tmut/Pois 0%         N/A       86%         3
 Animate Armour           Summ/Erth      0%         N/A       99%         4
 Ice Form                 Ice/Tmut       0%         N/A       99%         4
 Passage of Golubria      Tloc           0%         N/A       99%         4
 Sticky Flame             Conj/Fire      0%         2d3       99%         4
 Summon Ice Beast         Ice/Summ       0%         N/A       99%         4
 Alistair's Intoxication  Tmut/Pois      0%         N/A       100%        5
 Blade Hands              Tmut           0%         N/A       100%        5
 Silence                  Hex/Air        0%         N/A       100%        5
 Summon Mana Viper        Hex/Summ       0%         N/A       100%        5
 Iron Shot                Conj/Erth      0%         9d1       100%        6
 Monstrous Menagerie      Summ           0%         N/A       100%        7
 Lehudib's Crystal Spear  Conj/Erth      0%         10d2      100%        8


Dungeon Overview and Level Annotations

Branches:
Dungeon (13/15)            Temple (0/1) D:6            Lair (0/6) D:11
    Orc (0/2) D:10          IceCv (1/1)
 Vaults: D:13-14

Altars:
Qazlal
Trog

Shops:
D:5 [   D:13 ==

Annotations:
D:12 3 runed translucent doors, Owiud's ghost, journeyman HuFi


Message History

You are too injured to fight recklessly!
You are too injured to fight recklessly!
You are too injured to fight recklessly!
You are too injured to fight recklessly!
You are too injured to fight recklessly!
The anaconda simulacrum's grasp on you weakens, but your attempt to escape fails.
The harpy simulacrum claws you. The harpy simulacrum freezes you. You resist.
The harpy simulacrum claws you. The harpy simulacrum freezes you. You resist.
The anaconda simulacrum bites you. The anaconda simulacrum freezes you.
You resist. The anaconda simulacrum bites you.
The anaconda simulacrum freezes you! You resist.
The anaconda simulacrum constricts you. The harpy simulacrum claws you.
The harpy simulacrum freezes you. You resist.
* * * LOW HITPOINT WARNING * * *
The harpy simulacrum claws you but does no damage.
The anaconda simulacrum barely misses you.
You escape the anaconda simulacrum's grasp.
The harpy simulacrum claws you but does no damage.
You block the harpy simulacrum's attack.
The harpy simulacrum completely misses you.
The harpy simulacrum misses you. The anaconda simulacrum grabs you.
The anaconda simulacrum bites you but does no damage.
The anaconda simulacrum constricts you.
You escape the anaconda simulacrum's grasp.
The harpy simulacrum claws you but does no damage.
You block the harpy simulacrum's attack.
A wolf simulacrum comes into view.
The harpy simulacrum claws you!
* * * LOW HITPOINT WARNING * * *
The harpy simulacrum freezes you. You resist.
* * * LOW HITPOINT WARNING * * *
You block the harpy simulacrum's attack.
The harpy simulacrum claws you.
* * * LOW HITPOINT WARNING * * *
The harpy simulacrum freezes you. You resist.
* * * LOW HITPOINT WARNING * * *
The harpy simulacrum claws you.
* * * LOW HITPOINT WARNING * * *
The harpy simulacrum freezes you. You resist.
You die...

##.##≈≈#≈≈##.#
...##≈##≈#..#
#Z.######..#
#.#.#.#...#
#.Z#..#...#
#n.##...##
#Z###..##
##Z##.##
#@##.. ##.##.
.# .. ## #. #.


You could see a bog body, 2 anaconda simulacra, a wolf simulacrum and a harpy
simulacrum.

Vanquished Creatures
  A catoblepas (D:12)
  A hydra (D:12)
  2 boulder beetles
  A death knight (D:12)
  3 two-headed ogres
  A tengu warrior (D:10)
  A deep elf pyromancer (D:12)
  An ugly thing (D:12)
  4 cyclopes (D:12)
  An ice statue (IceCv)
  An unseen horror (D:12)
  Maggie (D:6)
  An ice devil (IceCv)
  A komodo dragon (D:10)
  A yaktaur (D:12)
  5 trolls
  A merfolk (D:12)
  8 slime creatures
  3 shadows (D:12)
  4 yaks
  3 wraiths
  4 steam dragons
  2 vampire mosquitoes (D:12)
  A death yak simulacrum (IceCv)
  A water moccasin (D:5)
  2 hornet zombies (D:9)
  4 orc warriors
  An ice beast (D:6)
  3 necrophages
  An ogre (D:7)
  2 kobold brigands
  4 bullfrogs
  2 cane toad simulacra (IceCv)
  6 two-headed ogre simulacra (IceCv)
  2 scorpions
  10 killer bees
  3 elephant simulacra (IceCv)
  3 wights (D:7)
  3 howler monkeys
  2 centaur zombies
  2 centaur skeletons (D:7)
  A hound (D:5)
  A bullfrog zombie (D:7)
  3 orc priests
  2 bullfrog skeletons
  2 gnoll shamans
  Jessica (D:3)
  10 orc wizards
  4 polar bear simulacra (IceCv)
  9 troll simulacra (IceCv)
  4 spriggan simulacra (IceCv)
  Robin (D:3)
  8 gnolls
  5 naga simulacra (IceCv)
  4 adders
  2 shadow imps
  5 white imps
  5 ufetubi (IceCv)
  An adder skeleton (D:4)
  3 worms
  32 orcs
  9 ball pythons
  3 bats
  6 endoplasms
  A giant cockroach (D:4)
  14 goblins
  14 hobgoblins
  A jackal (D:2)
  2 quokkas (D:2)
  5 frilled lizards
  A jackal skeleton (D:4)
  14 kobolds
  10 rats
286 creatures vanquished.

Vanquished Creatures (others)
  A plant (D:2)
1 creature vanquished.

Grand Total: 287 creatures vanquished

Notes
Turn   | Place    | Note
-------+----------+-------------------------------------------
     0 | D:1      | bearlyready the Hill Orc Gladiator began the quest for the
                  | Orb.
     0 | D:1      | Reached XP level 1. HP: 18/18 MP: 1/1
   437 | D:1      | Reached XP level 2. HP: 20/25 MP: 2/2
   590 | D:1      | Reached skill level 5 in Axes
   923 | D:2      | Found a faded altar of an unknown god.
   968 | D:2      | Reached XP level 3. HP: 27/30 MP: 3/3
  1347 | D:2      | Reached skill level 6 in Axes
  1491 | D:3      | Noticed Robin
  1538 | D:3      | Reached XP level 4. HP: 36/37 MP: 4/4
  1622 | D:3      | Killed Robin
  1843 | D:3      | Found a stormy altar of Qazlal.
  1886 | D:3      | Reached skill level 7 in Axes
  1902 | D:3      | Became a worshipper of Qazlal Stormbringer
  1970 | D:3      | Noticed Jessica
  1978 | D:3      | Killed Jessica
  1979 | D:3      | Reached skill level 1 in Invocations
  1979 | D:3      | Reached XP level 5. HP: 30/42 MP: 4/6
  2681 | D:4      | Reached skill level 8 in Axes
  2727 | D:4      | Noticed a necrophage
  2735 | D:4      | Killed a necrophage
  2736 | D:4      | Reached XP level 6. HP: 42/50 MP: 7/7
  2870 | D:4      | Reached * piety under Qazlal
  3407 | D:5      | Entered Level 5 of the Dungeon
  3421 | D:5      | Reached skill level 9 in Axes
  3923 | D:5      | Noticed a water moccasin
  3929 | D:5      | Killed a water moccasin
  3930 | D:5      | Reached skill level 10 in Axes
  3930 | D:5      | Reached XP level 7. HP: 56/56 MP: 8/8
  4007 | D:5      | Found Arhio's Armour Shop.
  4383 | D:6      | Noticed a troll
  4394 | D:6      | Killed a troll
  4395 | D:6      | Reached skill level 11 in Axes
  4669 | D:6      | Noticed Maggie
  4671 | D:6      | Noticed a two-headed ogre
  4841 | D:6      | Killed a two-headed ogre
  4842 | D:6      | Reached skill level 13 in Axes
  4842 | D:6      | Reached XP level 8. HP: 62/62 MP: 9/9
  4935 | D:6      | Killed Maggie
  4936 | D:6      | Reached skill level 14 in Axes
  4936 | D:6      | Reached XP level 9. HP: 41/68 MP: 10/10
  5186 | D:6      | Reached skill level 15 in Axes
  5322 | D:6      | Found a staircase to the Ecumenical Temple.
  6538 | D:8      | Reached ** piety under Qazlal
  6549 | D:8      | Reached skill level 5 in Fighting
  6549 | D:8      | Reached skill level 5 in Invocations
  6652 | D:8      | Reached skill level 16 in Axes
  6897 | D:8      | Reached XP level 10. HP: 43/81 MP: 12/14
  8839 | D:10     | Entered Level 10 of the Dungeon
  8880 | D:10     | Noticed a two-headed ogre
  8888 | D:10     | Killed a two-headed ogre
  8923 | D:10     | Noticed a two-headed ogre
  8924 | D:10     | Found a staircase to the Orcish Mines.
  8929 | D:10     | Reached *** piety under Qazlal
  8937 | D:10     | Killed a two-headed ogre
  8938 | D:10     | Reached skill level 1 in Evocations
  8950 | D:10     | Reached skill level 17 in Axes
  9730 | D:10     | Noticed a skeletal warrior
  9731 | D:10     | Noticed a tengu warrior
  9738 | D:10     | Killed a tengu warrior
  9739 | D:10     | Reached XP level 11. HP: 5/94 MP: 17/17
 10424 | D:11     | Noticed a boulder beetle
 10433 | D:11     | Killed a boulder beetle
 10491 | D:11     | Found a staircase to the Lair.
 10891 | D:12     | Noticed a brown ugly thing
 10897 | D:12     | Noticed a cyclops
 10921 | D:12     | Killed a brown ugly thing
 10955 | D:12     | Killed a cyclops
 11287 | D:12     | Noticed Owiud's ghost (journeyman HuFi)
 11769 | D:12     | Noticed a deep elf pyromancer
 11777 | D:12     | Killed a deep elf pyromancer
 12113 | D:12     | Found a runed translucent gate.
 12114 | D:12     | Found a runed translucent gate.
 12115 | D:12     | Found a runed translucent gate.
 12166 | D:12     | Noticed a six-headed hydra
 12175 | D:12     | Killed a six-headed hydra
 12176 | D:12     | Reached skill level 10 in Invocations
 12187 | D:12     | Noticed a catoblepas
 12189 | D:12     | Noticed a cyclops
 12203 | D:12     | Killed a catoblepas
 12204 | D:12     | Killed a cyclops
 12205 | D:12     | Reached skill level 5 in Evocations
 12205 | D:12     | Reached XP level 12. HP: 59/105 MP: 14/19
 12218 | D:12     | Reached skill level 18 in Axes
 12812 | D:12     | Noticed a death knight
 12820 | D:12     | Noticed a boulder beetle
 13300 | D:12     | Noticed Nessos
 13309 | D:12     | Noticed Nessos
 13309 | D:12     | Nessos changed into Nessos the merfolk
 13318 | D:12     | Killed Nessos the merfolk
 13319 | D:12     | Reached skill level 5 in Throwing
 13713 | D:12     | Killed a death knight
 13714 | D:12     | Reached skill level 10 in Fighting
 14152 | D:12     | Killed a boulder beetle
 14223 | D:12     | Noticed an ogre mage
 14991 | D:13     | Found Idesokk's Jewellery Emporium.
 15015 | D:13     | Found Polix Yff's Jewellery Emporium.
 15127 | D:13     | Found a bloodstained altar of Trog.
 15146 | D:13     | Found a frozen archway.
 15159 | IceCv    | Entered an ice cave
 15536 | IceCv    | Reached **** piety under Qazlal
 16566 | IceCv    | HP: 3/107 [harpy simulacrum (5)]
 16566 | IceCv    | Slain by a harpy simulacrum

Illustrated notes

Levels and vault maps discovered:
D:1:      tarquinn_simple_flora_water_d, layout_basic
D:2:      cheibrodos_old_hovel, layout_rooms, basic_ecumenical_altar,
          minmay_tetromino_l4
D:3:      layout_rooms, nicolae_qazlal_eye_of_the_storm, uniq_jessica,
          uniq_robin
D:4:      layout_basic
D:5:      layout_cave_pods, serial_shops, nicolae_shop_waterfront
D:6:      layout_basic, minmay_temple_entry_butterflies, minmay_microvault,
          uniq_maggie
D:7:      layout_rooms
D:8:      layout_basic
D:9:      layout_basic
D:10:     layout_loops_ring, david_orc_2, minivault_20, kennysheep_nondescript
D:11:     layout_cave_pools, lair_entry_dummy
D:12:     four-leaf_vault, layout_basic, gammafunk_ghost_split,
          hangedman_decor_push, uniq_nessos
D:13:     layout_loops_ring, portal_ice_cave_entry_pillars_2, serial_shops,
          nicolae_inconvenience_store, shop, trog_three_pillars_becter,
          uniq_josephine
IceCv:    ice_cave_caverns_02

Skill      XL: |  1  2  3  4  5  6  7  8  9 10 11 12 |
---------------+-------------------------------------+-----
Axes           | 5 6 7 8 10 13 14 16 17 18 | 18.4
Invocations    | 1 5 8 10 11 | 11.2
Fighting       | 5 8 9 10 | 10.5
Evocations     | 2 5 6 |  6.2
Throwing       | 2 4 5 |  5.6
Dodging        | |  2.4

Action                   |  1- 3 |  4- 6 |  7- 9 | 10-12 || total
-------------------------+-------+-------+-------+-------++-------
Melee: War axe           |   122 |   137 |     8 |    10 ||   277
       Hand axe          |       |       |   238 |   542 ||   780
Throw: Throwing net      |     1 |       |     3 |     2 ||     6
       Dart              |       |       |       |    33 ||    33
       Boomerang         |       |       |       |    21 ||    21
Invok: Upheaval          |       |       |       |     3 ||     3
Evoke: Wand              |       |       |       |    12 ||    12
       Phial of floods   |       |       |       |     1 ||     1
  Use: Scroll            |       |       |       |    13 ||    13
       Potion            |       |       |       |     6 ||     6
 Stab: Held in net/web   |       |       |     4 |     1 ||     5
       Petrified         |       |       |       |     3 ||     3
Armor: Leather armour    |    40 |    33 |       |       ||    73
       Ring mail         |       |    15 |     9 |       ||    24
       Acid dragon scale |       |       |    55 |   165 ||   220
Dodge: Dodged            |    88 |    79 |    97 |   214 ||   478
Block: Other             |       |       |     9 |    72 ||    81

Table legend: (Time is in decaauts)
 A = Elapsed time spent in this place.
 B = Non-inter-level travel time spent in this place.
 C = Inter-level travel time spent in this place.
 D = Time resting spent in this place.
 E = Time spent auto-exploring this place.
 F = Levels seen in this place.
 G = Mean time per level.
                   A        B        C        D        E       F      G
               +--------+--------+--------+--------+--------+-----+--------+
         Total |  16315 |  15937 |    378 |   2085 |  11387 |  14 | 1165.4 |
       Dungeon |  14974 |  14596 |    378 |   1803 |  10566 |  13 | 1151.8 |
      Ice Cave |   1340 |   1340 |      0 |    282 |    820 |   1 | 1340.0 |
               +--------+--------+--------+--------+--------+-----+--------+

Top non-repeatable levels by time:
    D:12: 3930 daAuts
     D:9: 1787 daAuts
     D:6: 1398 daAuts
   IceCv: 1340 daAuts
     D:8: 1124 daAuts
     D:4: 1100 daAuts
     D:1: 931 daAuts
     D:3: 891 daAuts
     D:5: 886 daAuts
     D:7: 745 daAuts
    D:10: 686 daAuts
     D:2: 531 daAuts
    D:11: 523 daAuts
    D:13: 436 daAuts
